 Dungeon Crawl Stone Soup version 0.30-a0-722-g3e6e8c874d (webtiles) character file.

Game seed: 12905522207548193865

187 theblackgale the Insei (level 5, -1/41 HPs)
             Began as a Gnoll Transmuter on Jan 27, 2023.
             Slain by an orc priest
             ... wielding a +0 flail
              (3 damage)
             ... on level 4 of the Dungeon.
             The game lasted 00:10:09 (1616 turns).

theblackgale the Insei (Gnoll Transmuter)           Turns: 1616, Time: 00:10:10

Health: -1/41      AC:  3    Str: 12    XL:     5   Next: 66%
Magic:  11/12      EV: 13    Int: 12    God:
Gold:   72         SH:  0    Dex: 12    Spells: 13/14 levels left

rFire   . . .      SeeInvis .      - Unarmed
rCold   . . .      Faith    .    (no shield)
rNeg    . . .      Spirit   .    a - +1 robe
rPois   .          Reflect  .    (helmet currently unavailable)
rElec   .          Harm     .    (no cloak)
rCorr   .          Rampage  .    (no gloves)
Will    .....                    (boots currently unavailable)
Stlth   ++                       (no amulet)
HPRegen 0.26/turn                (no ring)
MPRegen 0.13/turn                (no ring)

@: appendages
A: horns 2, talons 2, fangs 1, strong nose, distributed training
a: End Transformation


You were on level 4 of the Dungeon.
You had temporarily grown beastly horns and talons.
You visited 1 branch of the dungeon, and saw 4 of its levels.
You also visited: Sewer.

You collected 72 gold pieces.

Inventory:

Armour
 a - a +1 robe (worn)
Scrolls
 i - 2 scrolls of poison {unknown}
 k - a scroll of torment {unknown}
 l - a scroll of acquirement {unknown}
 m - 2 scrolls of identify {unknown}
 n - 3 scrolls of teleportation {unknown}
Potions
 b - 2 potions of lignification
 c - a potion of brilliance {unknown}
 d - a potion of heal wounds {unknown}
 e - a potion of degeneration {unknown}
 f - 2 potions of ambrosia {unknown}
 g - a potion of curing {unknown}
 h - a potion of flight {unknown}
 j - a potion of haste {unknown}
 o - a potion of might {unknown}


   Skills:
 + Level 3.1 Fighting
 + Level 1.6 Short Blades
 + Level 1.6 Long Blades
 + Level 1.6 Axes
 + Level 1.6 Maces & Flails
 + Level 1.6 Polearms
 + Level 1.6 Staves
 + Level 1.6 Ranged Weapons
 + Level 1.6 Throwing
 + Level 1.6 Armour
 + Level 4.8 Dodging
 + Level 1.6 Stealth
 + Level 1.6 Shields
 + Level 6.7 Unarmed Combat
 + Level 5.2 Spellcasting
 + Level 1.3 Conjurations
 + Level 1.3 Hexes
 + Level 1.3 Summonings
 + Level 1.3 Necromancy
 + Level 1.3 Translocations
 + Level 4.0 Transmutations
 + Level 1.3 Fire Magic
 + Level 1.3 Ice Magic
 + Level 1.3 Air Magic
 + Level 1.3 Earth Magic
 + Level 1.3 Poison Magic
 + Level 1.9 Invocations
 + Level 1.6 Evocations


You had 13 spell levels left.
You knew the following spells:

 Your Spells              Type           Power      Damage    Failure   Level
a - Beastly Appendage     Tmut           24%        N/A       3%          1

Your spell library contained the following spells:

 Spells                   Type           Power      Damage    Failure   Level
 Wereblood                Tmut           12%        N/A       5%          2
 Spider Form              Tmut/Pois      9%         N/A       19%         3
 Ice Form                 Ice/Tmut       9%         N/A       54%         4


Dungeon Overview and Level Annotations

Branches:
Dungeon (4/15)              Sewer (visited)
 Temple: D:4-7

Altars:


Innate Abilities, Weirdness & Mutations

You have temporarily grown beastly horns and talons.
You have very sharp teeth.
Your uncanny sense of smell can sniff out nearby items.
Your experience applies equally to all skills.


Message History

The orc priest calls down the wrath of Beogh upon you.
You barely resist.
Things that are here:
a +0 club; an orc corpse You hit something.
Your kick misses something. Something hits you but does no damage.
You closely miss something. Your kick misses something.
Your punch misses something. Something hits you.
You miss something. Your kick misses something. Your headbutt misses something.
Your bite misses something.
You hear some strange, mumbled words.
A puff of flame appears from out of thin air!
The puff of flame hits you.
You hit something. Your headbutt misses something.
Something hits you but does no damage.
You hit something but do no damage. You claw something. You punch something.
Reactivating autopickup.
You feel a bit more experienced. The orc priest closely misses you.
You hit the orc priest. Your kick misses the orc priest.
The orc priest is lightly wounded.
Your transformation is almost over.
The orc priest hits you with a +0 flail!
You hit the orc priest. You claw the orc priest.
The orc priest is heavily wounded.
You barely miss the orc priest. Your kick misses the orc priest.
You headbutt the orc priest. Your bite misses the orc priest.
The orc priest is heavily wounded.
The orc priest hits you with a +0 flail.
Casting: Beastly Appendage (safe; 3% risk of failure)
Confirm with . or Enter, or press ? or * to list all spells.
You extend your transformation's duration.
The orc priest hits you with a +0 flail.
* * * LOW HITPOINT WARNING * * *
You hit the orc priest.
The orc priest is almost dead.
The orc priest hits you with a +0 flail!
* * * LOW HITPOINT WARNING * * *
The orc priest attacks as you move away!
The orc priest hits you with a +0 flail.
You die...

#...~~~.~~~...##.#
#...~~~~~~~......#
#..#~~~~~~~#.###.#.#
#....~~~~~...# #.#
#.#..#...#..####.#.#
# ##.............#.#
###..###.######.#
##.###)####.# #.#
#....)@..##.# #.#
#..[.o...##.# #<#
#........##.######.#
..........#.........#
..........#..########
......###.#..# ......
.#..# ..!... .#..#
...#


You could see an orc priest.

Vanquished Creatures
  An orc priest (D:3)
  Jessica (D:3)
  An orc wizard (D:4)
  5 adders (Sewer)
  2 worms (D:4)
  2 dart slugs (D:1)
  5 orcs
  3 ball pythons
  3 endoplasms (D:1)
  2 giant cockroaches
  5 goblins
  5 hobgoblins
  2 jackals (D:2)
  2 bats
  4 frilled lizards (Sewer)
  5 kobolds
  3 rats
51 creatures vanquished.

Notes
Turn   | Place    | Note
-------+----------+-------------------------------------------
     0 | D:1      | theblackgale the Gnoll Transmuter began the quest for the
                  | Orb.
     0 | D:1      | Reached XP level 1. HP: 17/17 MP: 6/6
   233 | D:1      | Reached XP level 2. HP: 23/23 MP: 7/7
   465 | D:1      | Reached skill level 5 in Spellcasting
   465 | D:1      | Reached XP level 3. HP: 28/28 MP: 6/9
   714 | D:2      | Reached skill level 1 in Invocations
   761 | D:3      | Reached skill level 1 in Short Blades
   761 | D:3      | Reached skill level 1 in Long Blades
   761 | D:3      | Reached skill level 1 in Axes
   761 | D:3      | Reached skill level 1 in Maces & Flails
   761 | D:3      | Reached skill level 1 in Polearms
   761 | D:3      | Reached skill level 1 in Staves
   761 | D:3      | Reached skill level 1 in Ranged Weapons
   761 | D:3      | Reached skill level 1 in Throwing
   761 | D:3      | Reached skill level 1 in Armour
   761 | D:3      | Reached skill level 1 in Stealth
   761 | D:3      | Reached skill level 1 in Shields
   761 | D:3      | Reached skill level 1 in Evocations
   761 | D:3      | Reached XP level 4. HP: 30/34 MP: 9/11
   857 | D:3      | Noticed Jessica
   865 | D:3      | Killed Jessica
   866 | D:3      | Reached skill level 1 in Conjurations
   866 | D:3      | Reached skill level 1 in Hexes
   866 | D:3      | Reached skill level 1 in Summonings
   866 | D:3      | Reached skill level 1 in Necromancy
   866 | D:3      | Reached skill level 1 in Translocations
   866 | D:3      | Reached skill level 1 in Fire Magic
   866 | D:3      | Reached skill level 1 in Ice Magic
   866 | D:3      | Reached skill level 1 in Air Magic
   866 | D:3      | Reached skill level 1 in Earth Magic
   866 | D:3      | Reached skill level 1 in Poison Magic
  1216 | D:4      | Found a glowing drain.
  1242 | Sewer    | Entered a sewer
  1265 | Sewer    | Reached XP level 5. HP: 39/40 MP: 12/12
  1615 | D:4      | HP: 2/41 [orc priest/+0 flail (9)]
  1616 | D:4      | Slain by an orc priest

Illustrated notes

Levels and vault maps discovered:
D:1:      evilmike_arrival_hilbert_curve, layout_loops_ring
D:2:      layout_basic, minmay_door_square, nicolae_kite_square_tiling_tiny
D:3:      layout_loops_cross, item_on_display_a, uniq_natasha, uniq_jessica
D:4:      layout_loops_ring, nicolae_overflow_hidden_temple,
          cheibrodos_sewer_entry_drain, chequers_jeans, uniq_blork_the_orc,
          uniq_crazy_yiuf_cottage

Skill      XL: |  1  2  3  4  5 |
---------------+----------------+-----
Spellcasting   | 5 |  5.2
Invocations    | 1 |  1.9
Short Blades   | 1 |  1.6
Long Blades    | 1 |  1.6
Axes           | 1 |  1.6
Maces & Flails | 1 |  1.6
Polearms       | 1 |  1.6
Staves         | 1 |  1.6
Ranged Weapons | 1 |  1.6
Throwing       | 1 |  1.6
Armour         | 1 |  1.6
Stealth        | 1 |  1.6
Shields        | 1 |  1.6
Evocations     | 1 |  1.6
Conjurations   | 1 |  1.3
Hexes          | 1 |  1.3
Summonings     | 1 |  1.3
Necromancy     | 1 |  1.3
Translocations | 1 |  1.3
Fire Magic     | 1 |  1.3
Ice Magic      | 1 |  1.3
Air Magic      | 1 |  1.3
Earth Magic    | 1 |  1.3
Poison Magic   | 1 |  1.3
Fighting       | 3 |  3.1
Transmutations | 4 |  4.0
Dodging        | |  4.8
Unarmed Combat | |  6.7

Action                     |  1- 3 |  4- 6 || total
---------------------------+-------+-------++-------
  Melee: Unarmed           |    97 |    99 ||   196
         Bite              |     9 |     6 ||    15
         Kick              |     5 |    11 ||    16
         Punch             |     2 |     1 ||     3
         Headbutt          |     3 |     7 ||    10
   Cast: Beastly Appendage |    11 |    15 ||    26
    Use: Scroll            |     1 |       ||     1
   Stab: Sleeping          |     1 |     1 ||     2
 Armour: Robe              |    21 |    25 ||    46
  Dodge: Dodged            |    68 |    62 ||   130

Table legend: (Time is in decaauts)
 A = Elapsed time spent in this place.
 B = Non-inter-level travel time spent in this place.
 C = Inter-level travel time spent in this place.
 D = Time resting spent in this place.
 E = Time spent auto-exploring this place.
 F = Levels seen in this place.
 G = Mean time per level.
                   A        B        C        D        E       F      G
               +--------+--------+--------+--------+--------+-----+--------+
         Total |   1637 |    964 |    673 |    396 |      0 |   5 |  327.4 |
       Dungeon |   1254 |    581 |    673 |    295 |      0 |   4 |  313.5 |
         Sewer |    383 |    383 |      0 |    101 |      0 |   1 |  383.0 |
               +--------+--------+--------+--------+--------+-----+--------+

Top non-repeatable levels by time:
     D:1: 471 daAuts
     D:3: 454 daAuts
   Sewer: 383 daAuts
     D:2: 263 daAuts
     D:4: 65 daAuts
